 Dungeon Crawl Stone Soup version 0.29-a0-582-ge82337ba6a (webtiles) character file.

Game seed: 13935237961675763548

2988 vineage the Fighter (level 9, -10/70 HPs)
             Began as a Gargoyle Fighter on June 14, 2022.
             Was a Follower of Okawaru.
             Mangled by an ice beast (14 damage)
             ... on level 9 of the Dungeon.
             The game lasted 00:14:14 (10142 turns).

vineage the Fighter (Gargoyle Fighter)             Turns: 10142, Time: 00:14:16

Health: -10/70     AC: 24    Str: 19    XL:     9   Next: 83%
Magic:  9/9        EV:  9    Int: 10    God:    Okawaru [*.....]
Gold:   450        SH: 11    Dex: 13    Spells: 8/8 levels left

rFire   . . .      SeeInvis .   y - +2 flail (protect)
rCold   . . .      Faith    .   c - +1 buckler
rNeg    + . .      Spirit   .   b - +0 scale mail
rPois   ∞          Reflect  +   j - +0 helmet
rElec   +          Harm     .   o - +0 cloak
rCorr   +          Rampage  .   s - +1 pair of gloves
Will    .....                   (no boots)
Stlth   ..........              f - amulet of reflection
HPRegen 0.21/turn               i - ring of resist corrosion
MPRegen 0.11/turn               (no ring)

@: under a protective aura, hasted, very quick
A: sickness immunity, AC +6, negative energy resistance 1, electricity
resistance, torment resistance 1, petrification resistance
a: Renounce Religion, Heroism


You were on level 9 of the Dungeon.
You worshipped Okawaru.
Okawaru was aware of your devotion.
You visited 2 branches of the dungeon, and saw 10 of its levels.

You collected 450 gold pieces.

Inventory:

Hand Weapons
 y - a +2 flail of protection (weapon)
Missiles
 e - 2 throwing nets (quivered)
Armour
 b - a +0 scale mail (worn)
 c - a +1 buckler (worn)
 j - a +0 helmet (worn)
 o - a +0 cloak (worn)
 s - a +1 pair of gloves (worn)
Jewellery
 f - an amulet of reflection (around neck)
 i - a ring of resist corrosion (left hand)
 l - an amulet of the acrobat
 m - a ring of see invisible
Wands
 x - a wand of iceblast (7)
Scrolls
 d - a scroll of fog
 g - 6 scrolls of identify
 n - a scroll of poison
 r - 2 scrolls of enchant weapon
 t - a scroll of amnesia {unknown}
 v - a scroll of enchant armour
Potions
 h - 4 potions of haste
 k - a potion of magic
 p - 2 potions of flight
 q - a potion of attraction
 u - a potion of lignification


   Skills:
 + Level 14.4 Fighting
 + Level 2.3 Maces & Flails
 + Level 3.5 Armour
 + Level 3.5 Shields
 + Level 1.0 Invocations


You had 8 spell levels left.
You didn't know any spells.
Your spell library contained the following spells:

 Spells                   Type           Power      Damage    Failure   Level
 Beastly Appendage        Tmut           0%         N/A       82%         1
 Ensorcelled Hibernation  Hex/Ice        0%         N/A       91%         2
 Passwall                 Tmut/Erth      0%         N/A       91%         2
 Wereblood                Tmut           0%         N/A       91%         2
 Spider Form              Tmut/Pois      0%         N/A       99%         3
 Swiftness                Air            0%         N/A       99%         3
 Summon Small Mammal      Summ           Unusable   N/A       N/A         1
 Call Canine Familiar     Summ           Unusable   N/A       N/A         3
 Summon Guardian Golem    Hex/Summ       Unusable   N/A       N/A         3

Dungeon Overview and Level Annotations

Branches:
Dungeon (9/15)             Temple (1/1) D:7
   Lair: D:8-11         Orc: D:9-12

Altars:
Ashenzari
Cheibriados
Dithmenos
Elyvilon
Fedhas
Gozag
Hepliaklqana
Makhleb
Nemelex Xobeh
Okawaru
Qazlal
Ru
Sif Muna
Trog
Uskayaw
Vehumet
Wu Jian
Xom
Yredelemnul
Zin
The Shining One

Shops:
D:1 :   D:3 ?![   D:5 =


Innate Abilities, Weirdness & Mutations

You are immune to sickness and miasma.
Your stone body is resilient. (AC +6)
You are immune to poison.
You resist negative energy. (rN+)
You are resistant to electric shocks. (rElec)
You are resistant to unholy torment.
You are immune to petrification.


Message History

The killer bee stings you.
* * * LOW HITPOINT WARNING * * *
You block the killer bee's attack. x2
You closely miss the killer bee.
The killer bee is almost dead.
The killer bee barely misses you. You block the killer bee's attack.
You block the ice beast's attack.
You barely miss the killer bee.
The killer bee is almost dead.
The killer bee stings you but does no damage.
The killer bee barely misses you. The ice beast hits you.
* * * LOW HITPOINT WARNING * * *
The ice beast freezes you.
* * * LOW HITPOINT WARNING * * *
You block the killer bee's attack.
The killer bee stings you but does no damage.
You thump the killer bee!
Your weapon exudes an aura of protection.
You kill the killer bee!
Okawaru accepts your kill.
The killer bee stings you but does no damage. x3
The ice beast closely misses you.
The killer bee stings you but does no damage.
You block the ice beast's attack. You block the killer bee's attack.
Your Invocations skill increases to level 1!
You feel yourself speed up. You block the killer bee's attack.
The killer bee stings you but does no damage.
You block the killer bee's attack.
The ice beast hits you but does no damage.
The killer bee stings you but does no damage.
You miss the killer bee. The killer bee stings you!
* * * LOW HITPOINT WARNING * * *
You block the killer bee's attack.
You thump the killer bee!
The killer bee is almost dead.
The killer bee stings you but does no damage.
The killer bee misses you. The ice beast hits you.
* * * LOW HITPOINT WARNING * * *
The ice beast freezes you!
You die...

#..>.................#.#...##
#....................'.....##
.#............<.......####....
...8..........Yy......# ####.
..............yy......# #.
.....############'###########.
... #................. .
#yYy.............#
#@#..##.......)..#
#y#..##..........#
#...Y.............
#########......... #....#....
#....#..#. #+####.........
................
................


You could see an ice beast and 3 killer bees.

Vanquished Creatures
  Edmund (D:3)
  2 sky beasts (D:7)
  An orc warrior (D:6)
  A black bear (D:7)
  An ogre (D:5)
  3 centaurs
  A wolf (D:9)
  A phantom (D:7)
  4 kobold brigands
  3 bullfrogs
  2 necrophages
  A gnoll sergeant (D:5)
  3 scorpions
  9 killer bees
  A howler monkey (D:4)
  4 hounds
  2 gnoll shamans
  2 iguanas (D:5)
  4 orc wizards
  12 gnolls
  9 adders
  A shadow imp (D:6)
  3 white imps
  2 ufetubi
  3 worms
  2 dart slugs (D:1)
  23 orcs
  8 bats
  9 endoplasms
  7 giant cockroaches
  11 goblins
  8 hobgoblins
  4 jackals (D:2)
  2 quokkas
  9 ball pythons
  A frilled lizard (D:3)
  32 kobolds
  7 rats
199 creatures vanquished.

Vanquished Creatures (others)
  A kobold brigand (D:6)
  An orc wizard (D:6)
  A kobold (D:6)
3 creatures vanquished.

Grand Total: 202 creatures vanquished

Notes
Turn   | Place    | Note
-------+----------+-------------------------------------------
     0 | D:1      | vineage the Gargoyle Fighter began the quest for the Orb.
     0 | D:1      | Reached XP level 1. HP: 14/14 MP: 1/1
   143 | D:1      | Reached XP level 2. HP: 12/20 MP: 2/2
   150 | D:1      | Reached skill level 4 in Fighting
   422 | D:1      | Found a faded altar of an unknown god.
   843 | D:1      | Reached XP level 3. HP: 24/24 MP: 3/3
  1225 | D:1      | Found Ziuck's Book Boutique.
  1750 | D:2      | Reached skill level 5 in Fighting
  2365 | D:3      | Reached XP level 4. HP: 31/31 MP: 4/4
  2376 | D:3      | Found Poleq's Antique Armour Emporium.
  2393 | D:3      | Found Usitocir's Distillery.
  2798 | D:3      | Reached skill level 6 in Fighting
  2829 | D:3      | Found a shimmering altar of Xom.
  2843 | D:3      | Reached XP level 5. HP: 35/36 MP: 5/5
  2847 | D:3      | Found Jiafawk's Magic Scroll Emporium.
  3613 | D:4      | Noticed Edmund
  3807 | D:3      | Killed Edmund
  3808 | D:3      | Reached skill level 7 in Fighting
  3808 | D:3      | Reached XP level 6. HP: 39/44 MP: 6/6
  4050 | D:4      | Found a hide-covered altar of Uskayaw.
  4079 | D:4      | Reached skill level 8 in Fighting
  4359 | D:4      | Reached XP level 7. HP: 36/50 MP: 7/7
  4369 | D:4      | Identified the +2 dagger "Kati" {vorpal, rC+ rN++ MP-9
                  | SInv}
  4618 | D:4      | Found a sacrificial altar of Ru.
  4699 | D:5      | Entered Level 5 of the Dungeon
  4735 | D:5      | Reached skill level 9 in Fighting
  5043 | D:5      | Reached skill level 10 in Fighting
  5275 | D:5      | Reached XP level 8. HP: 53/58 MP: 0/8
  5608 | D:5      | Found Exzat Keko's Jewellery Shop.
  5878 | D:5      | Reached skill level 11 in Fighting
  6735 | D:6      | HP: 3/60 [orc warrior/+0 hand axe (7)]
  7149 | D:6      | Reached skill level 12 in Fighting
  7724 | D:7      | Reached XP level 9. HP: 54/66 MP: 0/9
  7877 | D:7      | Found a blossoming altar of Fedhas.
  7965 | D:7      | Reached skill level 13 in Fighting
  8747 | D:7      | Found a staircase to the Ecumenical Temple.
  8748 | D:7      | Found the +8 trident of the Octopus King {venom, rElec
                  | rPois}
  8767 | Temple   | Entered the Ecumenical Temple
  9002 | Temple   | Became a worshipper of Warmaster Okawaru
  9501 | D:8      | Found a burning altar of Makhleb.
  9630 | D:8      | Found a white marble altar of Elyvilon.
  9657 | D:8      | Reached skill level 14 in Fighting
 10125 | D:9      | Reached * piety under Okawaru
 10140 | D:9      | Reached skill level 1 in Invocations
 10142 | D:9      | Mangled by an ice beast

Illustrated notes

Levels and vault maps discovered:
D:1:      wander_arrival_chamber, layout_loops_corners,
          shapermc_ecumenical_altar_mp_vishouse, serial_shops, shop,
          corexii_leaking_fountain
D:2:      layout_loops_corners
D:3:      minmay_octagon_keep, layout_loops_ring,
          mainiacjoe_overflow_surrounded_room, serial_shops, shop,
          nicolae_shop_competitors_out_of_business, shop, minivault_26
D:4:      layout_rooms, nicolae_uskayaw_dance_hall, amcnicky_altar_gilded,
          minmay_unequal, uniq_edmund, uniq_crazy_yiuf_cottage
D:5:      layout_basic, serial_shops, nicolae_inconvenience_store
D:6:      layout_cave_pods
D:7:      layout_basic, mainiacjoe_overflow_small_starburst,
          minmay_temple_entry_offerings, lemuel_flame_loot_1
D:8:      layout_gridville, mainiacjoe_overflow_catwalk_spiral
D:9:      layout_stronghold, orc_0_dummy, serial_ice, serial_ice_o,
          serial_ice_k, serial_ice_m, serial_ice_h, centaur_isle
Temple:   regret_index_temple_generic_petals

Skill      XL: |  1  2  3  4  5  6  7  8  9 |
---------------+----------------------------+-----
Fighting       | 4 5 6 7 8 10 12 14 | 14.4
Invocations    | 1 |  1.0
Maces & Flails | |  2.3
Armour         | |  3.5
Shields        | |  3.5

Action                   |  1- 3 |  4- 6 |  7- 9 || total
-------------------------+-------+-------+-------++-------
Melee: Flail             |   153 |   205 |   127 ||   485
       Dagger            |       |       |   597 ||   597
  Use: Scroll            |     3 |     6 |     6 ||    15
       Potion            |       |     4 |    11 ||    15
 Stab: Distracted        |       |       |     1 ||     1
Armor: Scale mail        |    83 |   121 |   402 ||   606
       Skin              |       |       |    75 ||    75
Dodge: Dodged            |    71 |    70 |   315 ||   456
Block: Buckler           |    69 |   134 |   485 ||   688
       Reflection        |       |     1 |    16 ||    17

Table legend: (Time is in decaauts)
 A = Elapsed time spent in this place.
 B = Non-inter-level travel time spent in this place.
 C = Inter-level travel time spent in this place.
 D = Time resting spent in this place.
 E = Time spent auto-exploring this place.
 F = Levels seen in this place.
 G = Mean time per level.
                   A        B        C        D        E       F      G
               +--------+--------+--------+--------+--------+-----+--------+
         Total |  10298 |   9790 |    508 |   1280 |   6549 |  10 | 1029.8 |
       Dungeon |  10030 |   9575 |    455 |   1280 |   6345 |   9 | 1114.4 |
        Temple |    267 |    214 |     53 |      0 |    204 |   1 |  267.0 |
               +--------+--------+--------+--------+--------+-----+--------+

Top non-repeatable levels by time:
     D:7: 1573 daAuts
     D:3: 1547 daAuts
     D:5: 1543 daAuts
     D:1: 1453 daAuts
     D:6: 1413 daAuts
     D:2: 925 daAuts
     D:4: 895 daAuts
     D:8: 540 daAuts
  Temple: 267 daAuts
     D:9: 138 daAuts
